 Dungeon Crawl Stone Soup version 0.30.1-9-gdf580d7c3d (webtiles) character file.

Game seed: 10309228633782327161

7104 zombieproer the Severer (level 10, -21/86 HPs)
             Began as a Minotaur Berserker on Oct 23, 2023.
             Was a Priest of Trog.
             Killed from afar by an oklob plant (24 damage)
             ... with a splash of acid
             ... on level 1 of the Lair of Beasts.
             The game lasted 00:30:49 (8581 turns).

zombieproer the Severer (Minotaur Berserker)        Turns: 8581, Time: 00:30:51

Health: -21/86     AC: -1    Str: 26    XL:     10   Next: 84%
Magic:  9/9        EV:  7    Int:  4    God:    Trog [***...]
Gold:   454        SH:  0    Dex: 10    Spells: 9/9 levels left

rFire   . . .        H - +0 battleaxe
rCold   . . .        (shield currently unavailable)
rNeg    . . .        c - +0 plate armour
rPois   .            D - +2 hat
rElec   .            (no cloak)
rCorr   .            (no gloves)
SInv    .            I - +0 pair of boots
Will    ++...        (no amulet) Stlth
                     p - +4 ring of protection
HPRegen 1.34/turn    A - +4 ring of protection
MPRegen 0.11/turn

%: no passive effects
@: strong-willed, corroded, regenerating
A: horns 2, retaliatory headbutt, frail 1
a: Renounce Religion, Berserk, Trog's Hand


You were on level 1 of the Lair of Beasts.
You worshipped Trog.
Trog was most pleased with you.
You visited 2 branches of the dungeon, and saw 10 of its levels.
You visited the Abyss 1 time.

You collected 454 gold pieces.

Inventory:

Hand Weapons
 a - a +0 hand axe
 f - the +2 flail of the Priest {flame, Str+2}
   (You found it on level 7 of the Dungeon)

   Str:       It affects your strength (+2).
 r - a +0 antimagic hand axe
 s - a +0 hand axe of freezing
 B - a +0 hand axe of electrocution
 H - a +0 battleaxe (weapon)
Missiles
 J - 2 throwing nets (quivered)
Armour
 b - a +0 animal skin
 c - a +0 plate armour (worn)
 i - the +3 kite shield of the Trombone {+Blink Stlth+}
   (You acquired it on level 2 of the Dungeon)

   +Blink:    It lets you blink.
   Stlth:     It makes you more stealthy.
 y - a +0 chain mail
 z - a +0 helmet
 D - a +2 hat (worn)
 E - a +2 hat
 F - a +2 robe of positive energy
 I - a +0 pair of boots (worn)
Jewellery
 g - a ring of flight
 k - an amulet of faith
 p - a +4 ring of protection (left hand)
 x - a ring of ice
 A - a +4 ring of protection (right hand)
Wands
 q - a wand of charming (5)
 v - a wand of iceblast (8)
 G - a wand of flame (18)
 K - a wand of light (4)
Scrolls
 e - 4 scrolls of magic mapping
 l - 3 scrolls of teleportation
 m - 5 scrolls of immolation
 L - a scroll of torment {unknown}
Potions
 d - 3 potions of degeneration
 j - a potion of haste
 n - a potion of flight
 o - 2 potions of attraction
 t - 4 potions of curing
 u - 2 potions of lignification {unknown}
 w - a potion of magic {unknown}
 C - 3 potions of brilliance {unknown}


   Skills:
 + Level 11.4 Fighting
 + Level 16.6 Axes
 - Level 2.4 Armour
 - Level 2.2 Dodging
 - Level 1.7 Shields


You had 9 spell levels left.
You didn't know any spells.
Your spell library contained the following spells:

 Spells                   Type           Power      Damage    Failure   Level
 Apportation              Tloc           0%         N/A       100%        1
 Kiss of Death            Conj/Necr      0%         2d5       100%        1
 Magic Dart               Conj           0%         1d3       100%        1
 Necrotise                Necr           0%         1d4       100%        1
 Sandblast                Erth           0%         2d4       100%        1
 Summon Small Mammal      Summ           0%         N/A       100%        1
 Call Imp                 Summ           0%         N/A       100%        2
 Passwall                 Tmut/Erth      0%         N/A       100%        2
 Poisonous Vapours        Pois/Air       0%         N/A       100%        2
 Confusing Touch          Hex            0%         N/A       100%        3
 Mephitic Cloud           Conj/Pois/Air  0%         N/A       100%        3
 Stone Arrow              Conj/Erth      0%         3d7       100%        3
 Vhi's Electric Charge    Tloc/Air       0%         N/A       100%        3
 Dispel Undead            Necr           0%         3d6       100%        4
 Arcjolt                  Conj/Air       0%         1d10      100%        5
 Freezing Cloud           Conj/Ice/Air   0%         6-21      100%        5
 Maxwell's Capacitive Co  Air            0%         ∞         100%        8


Dungeon Overview and Level Annotations

Branches:
Dungeon (9/15)             Temple (0/1) D:4            Lair (1/5) D:9
    Orc: D:9-12

Altars:
Hepliaklqana
Wu Jian
The Shining One

Shops:
D:1 ![[=   D:3 (

Annotations:
Lair:1 exclusion: oklob plant


Innate Abilities, Weirdness & Mutations

You have a pair of horns on your head.
You reflexively headbutt those who attack you in melee.
You are frail. (-10% HP)


Message History

The oklob plant is moderately damaged.
You closely miss the water moccasin. You slice the plant!!
The plant begins to die.
The water moccasin bites you but does no damage.
You hit the oklob plant.
You headbutt the oklob plant, but do no damage.
The oklob plant is moderately damaged.
You miss the water moccasin. You hit the plant but do no damage.
You feel sick. The oklob plant spits acid at you. The splash of acid hits you!!
The acid corrodes you! The water moccasin bites you!
* * * LOW HITPOINT WARNING * * *
You feel much better.
You feel sick. The water moccasin bites you.
The water moccasin barely misses you.
You slice the oklob plant!!
The oklob plant is heavily damaged.
You slash the plant! You hit the water moccasin.
You feel sick.
A nearby plant withers and dies.
The oklob plant spits acid at you. The splash of acid hits you!!
* * * LOW HITPOINT WARNING * * *
The acid corrodes you! The water moccasin bites you.
* * * LOW HITPOINT WARNING * * *
You are lethally poisoned!
The water moccasin poisons you!
You feel better. The water moccasin bites you.
* * * LOW HITPOINT WARNING * * *
The oklob plant spits acid at you. The splash of acid hits you!
* * * LOW HITPOINT WARNING * * *
The acid corrodes you!
Okay, then.
Your skin crawls.
You feel strong-willed.
You can no longer call in reinforcements.
The water moccasin bites you.
* * * LOW HITPOINT WARNING * * *
The oklob plant spits acid at you. The splash of acid hits you!!
You die...

#### ### #... ##.# #
#... # #.## #.##..#
#####..
##.#####....###P......
##.#.####....P_P..#
##....###...@....#.
#.....##...S........
###..##.......#.......
##....##.......##.##...
.#............#....# ..
#....##.............. .
.....#.....~~≈~.~....
..........~~≈≈~≈~≈....
..........~≈≈≈≈≈≈~...


You could see an oklob plant and a water moccasin.

Vanquished Creatures
  A two-headed ogre (D:7)
  A manticore (D:7)
  A cane toad (Lair:1)
  Psyche (D:8)
  A komodo dragon (Lair:1)
  Grinder (D:3)
  2 blink frogs (Lair:1)
  A shadow (D:9)
  A spriggan (D:7)
  A steam dragon (D:9)
  2 water moccasins
  Pargi (D:3)
  2 ice beasts (D:7)
  4 orc warriors
  6 sky beasts (D:7)
  2 ogres (D:4)
  A centaur (D:8)
  2 phantoms
  5 bullfrogs
  3 kobold brigands
  2 gnoll sergeants (D:8)
  2 scorpions
  A wight (D:7)
  11 killer bees
  A howler monkey (D:7)
  2 gnoll boudas
  4 hounds
  A jelly (D:6)
  7 orc priests
  5 iguanas
  3 orc wizards
  4 adders
  15 gnolls
  3 shadow imps
  2 white imps
  3 ufetubi
  A worm (D:5)
  3 dart slugs
  30 orcs
  7 ball pythons
  4 endoplasms
  4 giant cockroaches
  12 goblins
  6 hobgoblins
  9 jackals (D:1)
  6 quokkas
  8 bats
  2 frilled lizards (D:1)
  11 kobolds
  7 rats (D:1)
215 creatures vanquished.

Vanquished Creatures (collateral kills)
  A blink frog (Lair:1)
  An electric eel (Lair:1)
2 creatures vanquished.

Grand Total: 217 creatures vanquished

Notes
Turn   | Place    | Note
-------+----------+-------------------------------------------
     0 | D:1      | zombieproer the Minotaur Berserker began the quest for the
                  | Orb.
     0 | D:1      | Reached XP level 1. HP: 19/19 MP: 0/0
    77 | D:1      | Found Julef's Antique Armour Emporium.
   216 | D:1      | Reached XP level 2. HP: 25/27 MP: 1/1
   236 | D:1      | Found Fonnuc's Antique Armour Boutique.
   243 | D:1      | Reached skill level 4 in Axes
   310 | D:1      | Found Bimeg's Distillery.
   357 | D:1      | Found Mieru's Jewellery Boutique.
   704 | D:1      | Reached ** piety under Trog
   708 | D:1      | Reached XP level 3. HP: 34/34 MP: 2/2
  1081 | D:2      | Identified a scroll of acquirement
  1081 | D:2      | Acquired the +3 kite shield of the Trombone {+Blink Stlth+}
  1218 | D:2      | Reached skill level 5 in Axes
  1554 | D:3      | Reached XP level 4. HP: 41/41 MP: 3/3
  1819 | D:3      | Noticed Pargi
  1832 | D:3      | Killed Pargi
  1832 | D:3      | Reached *** piety under Trog
  1833 | D:3      | Reached skill level 5 in Fighting
  1833 | D:3      | Reached skill level 6 in Axes
  1833 | D:3      | Reached skill level 1 in Shields
  1833 | D:3      | Reached XP level 5. HP: 38/48 MP: 4/4
  1878 | D:3      | Found Vougeb's Weapon Shop.
  2219 | D:3      | Noticed Grinder
  2226 | D:3      | Paralysed by Grinder for 4 turns
  2231 | D:3      | Paralysed by Grinder for 3 turns
  2237 | D:3      | Killed Grinder
  2238 | D:3      | Reached skill level 7 in Axes
  2238 | D:3      | Reached XP level 6. HP: 54/56 MP: 5/5
  2431 | D:4      | Gained mutation: You are frail. (-10% HP) [potion of
                  | mutation]
  2431 | D:4      | Gained mutation: You are very frail. (-20% HP) [potion of
                  | mutation]
  2431 | D:4      | Lost mutation: You are very frail. (-20% HP) [potion of
                  | mutation]
  2548 | D:4      | Reached skill level 8 in Axes
  2551 | D:4      | Reached XP level 7. HP: 29/55 MP: 6/6
  2721 | D:4      | Found a staircase to the Ecumenical Temple.
  2848 | D:4      | Reached skill level 9 in Axes
  3274 | D:5      | Entered Level 5 of the Dungeon
  3296 | D:5      | Reached XP level 8. HP: 63/63 MP: 7/7
  3517 | D:5      | Reached skill level 10 in Axes
  4107 | D:6      | Reached **** piety under Trog
  4110 | D:6      | Reached skill level 11 in Axes
  4423 | D:6      | Found a glowing golden altar of the Shining One.
  4661 | D:6      | Found an ornate altar of the Wu Jian Council.
  4900 | D:7      | Reached skill level 12 in Axes
  4956 | D:7      | Reached XP level 9. HP: 63/73 MP: 8/8
  5496 | D:7      | Reached skill level 13 in Axes
  5592 | D:7      | Noticed a manticore
  5593 | D:7      | Noticed a two-headed ogre
  5604 | D:7      | Killed a manticore
  5605 | D:7      | Reached skill level 14 in Axes
  5607 | D:7      | Identified the +2 flail of the Priest {flame, Str+2}
  5612 | D:7      | Killed a two-headed ogre
  5613 | D:7      | Reached skill level 10 in Fighting
  5727 | D:7      | Reached XP level 10. HP: 70/83 MP: 9/9
  6572 | D:8      | Reached skill level 15 in Axes
  7240 | D:8      | Noticed Psyche
  7246 | Abyss:1  | Cast into level 1 of the Abyss (Psyche)
  7280 | Abyss:1  | Noticed a death drake
  7286 | D:8      | Escaped the Abyss
  7299 | D:8      | Killed Psyche
  8148 | D:9      | Found a staircase to the Lair.
  8240 | Lair:1   | Entered Level 1 of the Lair of Beasts
  8247 | Lair:1   | Reached skill level 16 in Axes
  8507 | Lair:1   | Noticed a cane toad
  8510 | Lair:1   | Killed a cane toad
  8558 | Lair:1   | Noticed an oklob plant
  8564 | Lair:1   | Found a hazy altar of Hepliaklqana.
  8571 | Lair:1   | HP: 1/86 [oklob plant/splash of acid (24)]
  8580 | Lair:1   | HP: 2/86 [oklob plant/splash of acid (11)]
  8581 | Lair:1   | Killed from afar by an oklob plant

Illustrated notes

Levels and vault maps discovered:
D:1:      dpeg_arrival_renting, layout_loops_ring, serial_shops, shop, shop,
          nicolae_shop_rolling_square, shop, feat_on_display
D:2:      layout_rooms
D:3:      layout_loops_ring, serial_shops, nicolae_shop_bloodbath_and_beyond,
          gup_sewer_entry_bowl, uniq_pargi, uniq_grinder
D:4:      layout_loops_ring, minmay_temple_entry_enclosed_plants,
          minmay_ogre_servants
D:5:      layout_gridville
D:6:      layout_loops_cross, nicolae_overflow_crystal_walls,
          nzn_wu_jian_council_hall, minmay_bent
D:7:      kennysheep_windowed_halls, layout_basic, the_hattery
D:8:      layout_basic, uniq_psyche
D:9:      layout_basic, lair_entry_dummy, uniq_grum
Lair:1:   layout_cave_shapes, nicolae_lair_grove_arrangements,
          lemuel_oklob_altar, grunt_megastairs_2, infiniplex_staircase_pool,
          uniq_erica, uniq_maggie, uniq_amaemon

Skill      XL: |  1  2  3  4  5  6  7  8  9 10 |
---------------+-------------------------------+-----
Fighting       | 4 5 6 8 10 11 | 11.4
Axes           | 4 5 6 7 8 9 12 14 16 | 16.6
Shields        | 1 |  1.7
Armour         | |  2.4
Dodging        | |  2.2

Action                     |  1- 3 |  4- 6 |  7- 9 | 10-12 || total
---------------------------+-------+-------+-------+-------++-------
  Melee: Hand axe          |   102 |    56 |   207 |    36 ||   401
         Headbutt          |    11 |     9 |    36 |    19 ||    75
         Battleaxe         |       |       |       |    97 ||    97
 Invoke: Berserk           |       |     2 |     5 |     6 ||    13
         Trog's Hand       |       |       |       |     2 ||     2
         Brothers in Arms  |       |       |       |     1 ||     1
    Use: Scroll            |     6 |     3 |     6 |     1 ||    16
         Potion            |       |     1 |     3 |     6 ||    10
 Armour: Plate armour      |    67 |    63 |   112 |   113 ||   355
  Dodge: Dodged            |    26 |    28 |    55 |    55 ||   164
  Block: Kite shield       |    23 |    48 |    86 |    15 ||   172
